Map: [ESL] Ancient Cistern

Players

GuMiho

  • Race: Terran Terran

Reynor - Winner!

  • Race: Zerg Zerg

Event: IEM Katowice 2023

VOD

Have the link to the VOD?

Description

Time

  • Played on: Feb. 10, 2023, 6:52 a.m.
  • Length: 7:17

All games in this series

Show
View Real Time Build Order
Export as new Build Order

GuMiho Terran 

Build Orders: Hellion Opening, Reaper Expand 

Get SALT Encoding   

  12  0:00  SCV  
  13  0:12  SCV  
  14  0:16  Supply Depot  
  14  0:24  SCV  
  15  0:38  SCV  
  15  0:39  Barracks  
  16  0:43  Refinery  
  16  0:50  SCV  
  17  1:02  SCV  
  18  1:14  SCV  
  19  1:26  Orbital Command  
  19  1:28  Reaper  
  20  1:38  Command Center  
  20  1:45  Supply Depot  
  20  1:52  SCV  
  21  2:00  Marine  
  22  2:04  SCV  
  23  2:09  Factory  
  23  2:16  SCV  
  23  2:22  Barracks Reactor  
  24  2:28  SCV  
  25  2:40  SCV  
  25  2:42  Command Center  
  26  2:50  Orbital Command  
  26  2:52  SCV  
  26  2:54  Refinery  
  27  3:00  Starport  
  27  3:05  SCV  
  28  3:10  Hellion  
  28  3:12  Hellion  
  32  3:15  SCV  
  32  3:17  SCV  
  34  3:27  Marine  
  34  3:29  SCV x2  
  34  3:32  Hellion  
  34  3:33  Hellion  
  41  3:36  Medivac  
  43  3:42  SCV x2  
  43  3:46  Marine  
  46  3:54  SCV x2  
  52  3:56  Hellion x2  
  52  4:04  Orbital Command  
  52  4:06  SCV, Liberator  
  52  4:09  Supply Depot  
  56  4:13  SCV  
  57  4:17  Barracks Tech Lab  
  57  4:18  SCV, Armory  
  58  4:24  Refinery  
  58  4:25  SCV  
  58  4:28  Hellion  
  58  4:31  Orbital Command, Hellion  
  63  4:33  Supply Depot  
  63  4:34  SCV  
  63  4:37  SCV  
  65  4:46  SCV  
  65  4:49  SCV  
  67  4:55  Hellion x2  
  67  4:57  SCV  
  67  4:58  SCV  
  67  4:59  Supply Depot, Refinery  
  73  5:01  SCV  
  73  5:05  Supply Depot  
  74  5:09  SCV  
  74  5:10  Cloaking Field, SCV  
  74  5:13  SCV  
  77  5:15  Banshee  
  77  5:18  Marine  
  77  5:20  Hellion x2  
  85  5:21  SCV, Terran Vehicle And Ship Armor Level 1  
  85  5:22  SCV  
  85  5:23  Supply Depot  
  85  5:26  SCV  
  88  5:32  Supply Depot  
  88  5:34  Factory, SCV x2  
  90  5:38  SCV  
  90  5:39  Factory  
  91  5:46  SCV x2  
  95  5:50  Marine, SCV, Hellion x2  
  95  5:55  Refinery  
  99  5:58  SCV x2  
  99  6:02  SCV  
  99  6:05  Banshee  
  99  6:10  SCV  
  99  6:11  SCV  
  104  6:12  Refinery, Hellion x3  
  104  6:14  SCV  
  104  6:15  Supply Depot  
  104  6:17  Supply Depot x2  
  105  6:20  Factory Tech Lab  
  105  6:22  Factory, SCV  
  105  6:23  SCV  
  105  6:25  Factory Tech Lab  
  107  6:26  Factory  
  107  6:29  SCV  
  108  6:34  SCV  
  108  6:35  SCV  
  113  6:41  SCV  
  113  6:46  SCV  
  112  6:47  SCV  
  118  6:59  SCV  
Show
View Real Time Build Order
Export as new Build Order

Reynor Zerg - Winner!

Build Orders: Hatch First 

Get SALT Encoding   

  12  0:00  Drone  
  13  0:12  Overlord  
  13  0:16  Drone  
  14  0:30  Drone x2  
  16  0:49  Hatchery  
  15  0:51  Drone  
  15  0:55  Drone  
  17  0:57  Drone  
  18  1:09  Extractor  
  17  1:13  Spawning Pool  
  17  1:16  Drone  
  17  1:19  Drone  
  18  1:28  Drone  
  19  1:38  Drone  
  20  1:48  Overlord  
  20  2:00  Queen x2  
  24  2:05  Drone, Zergling x2  
  26  2:11  Drone  
  26  2:15  Drone  
  28  2:22  Drone  
  29  2:23  Drone  
  29  2:25  Extractor  
  29  2:32  Drone, Hatchery  
  29  2:33  Drone  
  30  2:40  Metabolic Boost  
  30  2:43  Drone  
  30  2:44  Extractor  
  31  2:45  Drone  
  32  2:53  Overlord  
  32  2:54  Drone  
  32  2:56  Queen  
  36  3:11  Overlord  
  36  3:12  Queen  
  38  3:13  Drone x3  
  38  3:15  Drone  
  38  3:18  Overlord  
  42  3:22  Drone  
  42  3:26  Drone  
  44  3:32  Drone, Queen  
  47  3:37  Drone  
  48  3:43  Drone  
  48  3:44  Queen  
  48  3:46  Drone  
  48  3:48  Drone  
  53  3:50  Queen  
  53  3:53  Roach Warren  
  53  3:55  Zergling x4  
  56  3:58  Overlord  
  56  4:04  Drone  
  56  4:06  Overlord  
  56  4:14  Zergling x4  
  56  4:15  Drone, Zergling x2  
  56  4:16  Drone  
  61  4:19  Drone  
  61  4:20  Drone  
  61  4:21  Overlord  
  61  4:23  Drone x2  
  65  4:26  Extractor  
  65  4:27  Drone  
  65  4:29  Overlord  
  65  4:34  Drone  
  65  4:36  Lair  
  66  4:39  Roach  
  66  4:42  Evolution Chamber  
  66  4:45  Evolution Chamber  
  65  4:50  Drone x4  
  65  4:51  Roach x2  
  65  4:52  Drone  
  74  4:53  Drone  
  74  4:54  Drone  
  74  4:56  Overlord  
  74  4:59  Drone  
  80  5:00  Drone  
  80  5:05  Drone  
  80  5:06  Drone  
  82  5:08  Extractor  
  82  5:11  Drone x2  
  82  5:12  Drone  
  82  5:13  Overlord  
  84  5:16  Drone, Spore Crawler  
  84  5:20  Queen, Spore Crawler  
  85  5:22  Drone x2  
  85  5:26  Overlord  
  87  5:29  Spore Crawler  
  87  5:31  Extractor  
  87  5:34  Drone x4  
  89  5:37  Drone  
  89  5:38  Pneumatized Carapace  
  89  5:40  Overlord  
  92  5:43  Roach x2  
  92  5:45  Roach  
  95  5:51  Roach x4  
  95  5:55  Overlord  
  105  5:57  Roach x2  
  105  6:01  Queen  
  109  6:05  Roach x2  
  109  6:07  Overlord  
  109  6:09  Overlord  
  113  6:12  Roach x2  
  113  6:13  Roach  
  113  6:15  Overseer  
  119  6:19  Extractor, Drone  
  119  6:20  Zergling x6  
  124  6:27  Overlord  
  124  6:29  Roach x2  
  124  6:32  Roach x2  
  132  6:36  Roach x2  
  132  6:39  Roach x3  
  140  6:42  Overlord  
  140  6:44  Roach x3  
  140  6:46  Roach, Zergling x2  
  148  6:49  Overlord  
  148  6:54  Ravager  
  147  6:56  Zergling x8  
  144  7:09  Ravager x3  

Tags
 
Add a new tag
Caveats
  • Supply blocks, unpowered buildings, or Contaminate may cause inaccurate times.
  • Supply counts are checked every 10 seconds.